Map: Blackpink LE

Players

HalfBreed

  • Race: Zerg Zerg
  • Spawn Location: 7:00

JimRising - Winner!

  • Race: Zerg Zerg
  • League: Grandmaster
  • Spawn Location: 1:00

VOD

Have the link to the VOD?

Description

Time

  • Played on: Feb. 2, 2018, 3:14 p.m.
  • Length: 14:37
Show
View Real Time Build Order
Export as new Build Order

HalfBreed Zerg 

Build Orders: Hatch First, Zergling Baneling 

Get SALT Encoding   

  12  0:01  Drone  
  13  0:12  Overlord  
  13  0:18  Drone  
  14  0:31  Drone x2  
  14  0:34  Drone  
  17  0:52  Hatchery  
  17  0:54  Drone  
  17  0:57  Drone  
  17  1:00  Extractor  
  17  1:12  Spawning Pool  
  17  1:15  Drone  
  17  1:19  Drone  
  18  1:29  Drone  
  19  1:40  Overlord  
  19  1:59  Zergling x2, Queen  
  19  2:00  Zergling x2  
  23  2:01  Metabolic Boost  
  23  2:04  Queen  
  23  2:05  Zergling x2  
  26  2:11  Drone  
  26  2:15  Drone  
  28  2:24  Drone  
  28  2:26  Drone  
  30  2:38  Hatchery  
  30  2:40  Drone  
  30  2:47  Baneling Nest  
  29  2:56  Drone  
  30  3:06  Overlord, Drone x2  
  32  3:13  Zergling x8  
  32  3:15  Overlord  
  35  3:28  Zergling x10  
  35  3:33  Baneling x4  
  40  3:37  Zergling x2  
  41  3:43  Zergling x8  
  41  3:48  Baneling, Zergling x2  
  43  3:49  Zergling x4  
  46  3:58  Zergling x6  
  46  4:00  Baneling  
  49  4:08  Zergling x6  
  50  4:17  Zergling x6  
  53  4:25  Zergling x10  
  53  4:29  Baneling x2  
  57  4:44  Overlord  
  56  4:52  Zergling x6  
  57  4:57  Zergling x12  
  51  5:00  Zergling x4  
  51  5:06  Zergling x8  
  46  5:14  Zergling x2  
  46  5:15  Zergling x2  
  49  5:21  Zergling x6  
  50  5:30  Zergling x10  
  55  5:36  Zergling x6  
  56  5:45  Zergling x4  
  56  5:46  Zergling x4  
  53  6:06  Zergling x12  
  53  6:07  Zergling x4  
  53  6:08  Baneling x6  
  61  6:16  Zergling x2  
  61  6:17  Zergling x6  
  65  6:32  Zergling x4  
  57  6:33  Zergling x10  
  59  6:43  Zergling x8  
  42  7:03  Zergling x10  
  42  7:04  Zergling x8  
  43  7:26  Zergling x16  
  43  7:27  Zergling x2  
  46  7:32  Zergling x2  
  46  7:41  Zergling x10  
  51  7:45  Zergling x2  
  51  7:54  Zergling x4  
  51  7:55  Zergling x6  
  52  8:05  Roach Warren  
  48  8:08  Baneling  
  48  8:09  Baneling x2  
  48  8:10  Zergling x6  
  51  8:18  Zergling x8  
  55  8:20  Baneling  
  55  8:21  Baneling  
  55  8:24  Zergling x2  
  51  8:35  Zergling x2  
  51  8:36  Zergling x6  
  52  8:43  Zergling x6  
  53  8:52  Zergling x2  
  53  8:53  Zergling x4  
  42  9:03  Zergling x8  
  42  9:09  Drone x2  
  48  9:13  Drone  
  48  9:14  Baneling  
  41  9:30  Drone x3  
  41  9:31  Roach  
  41  9:32  Roach x2  
  41  9:33  Drone  
  48  9:41  Roach x2  
  48  9:42  Drone  
  48  9:44  Drone  
  54  9:47  Drone  
  55  9:55  Drone x2  
  56  10:02  Drone x3  
  56  10:03  Drone  
  56  10:04  Extractor  
  59  10:07  Roach x2  
  59  10:12  Overlord  
  63  10:15  Overlord  
  63  10:19  Roach  
  65  10:28  Overlord  
  65  10:32  Extractor  
  63  10:37  Roach x4  
  67  10:44  Drone x2  
  67  10:45  Drone  
  70  10:50  Queen, Drone x2  
  74  10:58  Lair, Drone  
  74  10:59  Drone  
  77  11:04  Drone x2  
  77  11:10  Overlord  
  77  11:11  Drone  
  79  11:12  Drone  
  79  11:16  Evolution Chamber, Drone  
  80  11:20  Drone  
  81  11:32  Drone x7  
  88  11:34  Extractor  
  88  11:36  Drone x2  
  89  11:48  Overlord x3  
  89  11:49  Zerg Missile Weapons Level 1  
  89  11:50  Extractor  
  88  11:55  Overseer  
  88  11:57  Glial Reconstitution  
  88  12:14  Roach x9  
  106  12:23  Roach x4  
  112  12:30  Overlord x2  
  112  12:39  Overlord  
  112  12:42  Evolution Chamber, Drone x3  
  113  12:49  Overlord  
  113  12:50  Drone x2  
  115  12:54  Ravager  
  115  12:55  Ravager x3  
  115  12:57  Roach x4  
  127  12:58  Unknown  
  125  13:07  Hatchery  
  125  13:11  Roach x2  
  127  13:16  Roach  
  127  13:17  Roach x2  
  134  13:27  Roach x5  
  142  13:36  Roach  
  142  13:37  Roach  
  146  13:52  Overlord  
  146  13:53  Overlord x2  
  136  14:08  Roach x7  
  136  14:09  Roach x6  
  137  14:12  Roach  
  116  14:17  Roach x3  
Show
View Real Time Build Order
Export as new Build Order

JimRising Zerg - Winner!

Build Orders: Hatch First 

Get SALT Encoding   

  12  0:00  Drone  
  13  0:12  Overlord  
  13  0:17  Drone  
  14  0:31  Drone x2  
  14  0:34  Drone  
  17  0:51  Hatchery  
  17  0:55  Drone  
  17  0:58  Drone  
  17  1:01  Extractor  
  17  1:15  Spawning Pool  
  17  1:17  Drone  
  17  1:21  Drone  
  18  1:29  Drone  
  19  1:38  Overlord  
  19  1:51  Drone  
  20  2:00  Drone  
  21  2:03  Queen x2  
  21  2:05  Metabolic Boost  
  25  2:09  Drone  
  25  2:12  Drone  
  27  2:16  Drone  
  27  2:21  Drone  
  29  2:27  Zergling x2  
  30  2:33  Zergling x2  
  30  2:36  Drone  
  32  2:43  Zergling x2  
  33  2:58  Overlord x2, Drone  
  34  3:07  Hatchery  
  34  3:09  Drone  
  34  3:10  Roach Warren  
  32  3:14  Zergling x6  
  35  3:21  Zergling x8  
  39  3:37  Overlord, Drone  
  40  3:43  Overlord  
  40  3:50  Roach x3  
  40  3:51  Roach x2  
  40  3:54  Roach  
  52  4:01  Roach  
  53  4:08  Roach  
  55  4:15  Roach  
  57  4:22  Roach  
  57  4:23  Roach x2  
  63  4:31  Overlord, Roach  
  65  4:32  Zergling x4  
  67  4:40  Overlord, Roach  
  67  4:42  Zergling x2  
  70  4:51  Zergling x2  
  70  4:52  Zergling x8  
  75  4:56  Roach  
  75  4:58  Zergling x2  
  62  5:03  Roach  
  62  5:04  Zergling x4  
  56  5:14  Zergling x6  
  54  5:17  Roach  
  54  5:20  Roach  
  59  5:23  Roach  
  61  5:29  Zergling x6  
  61  5:30  Zergling x2  
  64  5:37  Zergling x4  
  65  5:44  Zergling x2  
  65  5:45  Zergling x6  
  69  5:54  Drone  
  69  5:55  Drone  
  71  6:03  Roach x2  
  75  6:07  Zergling x4, Drone  
  80  6:11  Roach  
  80  6:13  Roach  
  70  6:33  Zergling x4  
  70  6:34  Zergling x6  
  68  6:42  Zergling x2  
  68  6:45  Zergling x2  
  63  6:49  Zergling x6  
  63  6:50  Queen  
  66  6:56  Zergling x6  
  66  7:00  Zergling x2  
  65  7:01  Zergling x2  
  46  7:27  Roach x4  
  46  7:30  Roach  
  46  7:34  Roach, Queen  
  45  7:37  Roach  
  45  7:38  Roach  
  45  7:39  Zergling x2  
  45  7:43  Roach  
  52  7:53  Roach  
  52  7:54  Zergling x4  
  52  7:55  Queen  
  55  8:03  Zergling x6  
  56  8:06  Drone  
  56  8:07  Drone x3  
  60  8:21  Hatchery  
  60  8:24  Zergling x6  
  62  8:30  Zergling x4  
  64  8:39  Zergling x8  
  64  8:41  Queen x2  
  62  8:53  Drone x2  
  51  8:58  Roach  
  43  9:07  Roach x2  
  43  9:09  Roach  
  49  9:10  Hatchery  
  49  9:13  Roach  
  50  9:20  Zergling x4  
  50  9:21  Zergling x4  
  50  9:28  Zergling x4  
  51  9:33  Roach  
  51  9:37  Roach x2  
  57  9:43  Roach x2  
  61  9:48  Roach  
  61  9:49  Roach  
  65  9:58  Extractor, Drone x2  
  65  9:59  Queen  
  66  10:05  Drone  
  66  10:06  Drone  
  68  10:07  Drone  
  68  10:11  Drone x3  
  68  10:12  Drone  
  73  10:16  Drone  
  74  10:27  Drone x2  
  74  10:28  Drone  
  76  10:37  Roach x4  
  79  10:43  Drone  
  79  10:45  Evolution Chamber, Drone  
  79  10:46  Drone x3  
  79  10:48  Roach  
  85  10:52  Roach  
  87  11:02  Extractor  
  87  11:03  Roach x2  
  90  11:05  Overlord x2  
  90  11:07  Spine Crawler  
  90  11:09  Drone  
  90  11:11  Zerg Missile Weapons Level 1  
  90  11:20  Overlord  
  90  11:23  Overlord  
  90  11:25  Roach x4  
  98  11:26  Roach  
  98  11:27  Drone  
  98  11:28  Drone  
  102  11:34  Drone  
  102  11:35  Drone x2  
  102  11:38  Drone x2  
  102  11:39  Drone  
  108  11:42  Lair  
  108  11:43  Drone  
  108  11:47  Extractor  
  108  11:48  Drone x3  
  108  11:50  Drone  
  108  11:51  Drone  
  113  12:04  Roach x2  
  113  12:05  Overlord x2, Roach x2  
  121  12:14  Hatchery  
  120  12:20  Overlord  
  120  12:24  Unknown  
  120  12:25  Roach x2  
  120  12:26  Roach x3  
  130  12:39  Roach x4  
  130  12:40  Roach x4  
  146  12:44  Glial Reconstitution  
  146  12:45  Overseer  
  146  12:52  Overlord x3  
  146  13:03  Overlord  
  146  13:04  Overlord  
  146  13:10  Extractor  
  145  13:15  Roach x6  
  145  13:16  Roach x3  
  163  13:20  Roach x2  
  163  13:24  Roach  
  169  13:27  Drone x3  
  169  13:28  Overlord  
  169  13:32  Roach  
  169  13:33  Roach  
  176  13:40  Roach x2  
  176  13:41  Roach x2  
  184  13:52  Roach  
  184  13:53  Overlord x2  
  160  14:11  Roach  
  160  14:13  Roach x4  
  160  14:14  Roach x5  
Tags
 
Add a new tag
Caveats
  • Supply blocks, unpowered buildings, or Contaminate may cause inaccurate times.
  • Supply counts are checked every 10 seconds.